[Event "Early-Titled-Tuesday-Blitz-February-13-2024"]
[Site "Chess.com"]
[Date "2024.02.13"]
[Round "2"]
[White "Defenstrator"]
[Black "ChessRespected"]
[Result "0-1"]
[WhiteElo "2348"]
[BlackElo "2554"]
[TimeControl "180+1"]
[EndTime "8:21:27 PST"]
[Termination "ChessRespected won by checkmate"]

1. d3 d5 2. c4 dxc4 3. Qa4+ Nc6 4. Qxc4 Nf6 5. Nc3 g6 6. e4 Bg7 7. Nf3 Bg4 8. Qb5 Bxf3 9. gxf3 O-O 10. Be3 Nd4 11.
Qa4 Nh5 12. Bg2 e6 13. f4 c5 14. e5 Qh4 15. Bxd4 cxd4 16. Qxd4 Nxf4 17. Be4 Rad8 18. Qxa7 Rxd3 19. Bxd3 Nxd3+ 20. Kd2 Nxe5 21. Kc2 b5 22. a3 Nc6 23. Qc5 Nd4+ 24. Kb1 Nb3 25. Qxb5 Nxa1 26. Kxa1 Bxc3 27. bxc3 Qxf2 28. Rd1 Ra8 29.
Qb4 Qxh2 30. Rd7 Qh1+ 31. Ka2 Qg2+ 32. Kb3 Qc6 33. Qe7 Rb8+ 34. Kc2 Qe4+ 35. Rd3 Qe2+ 36. Rd2 Rb2+ 37. Kxb2 Qxd2+ 38. Kb3 Qd1+ 39. Kb2 Qd2+ 40. Kb3 Qd1+ 41. Kb2 h5 42. c4 Qd4+ 43. Kb3 Qd3+ 44. Kb4 Qb1+ 45. Kc3 Qc1+ 46. Kb3 Qe3+ 47. Kb4 Qb6+ 48.
Kc3 Qa5+ 49. Kb3 Kg7 50. c5 Qb5+ 51. Kc3 h4 52. Qd6 Qa5+ 53. Kb3 Qb5+ 54. Kc3 h3 55. c6 Qa5+ 56. Kb3 Qb6+ 57. Kc3 h2 58.
Qe5+ f6 59. Qxh2 Qxc6+ 60. Kb3 Qb5+ 61. Kc3 e5 62. Qf2 Qa5+ 63. Kb3 Qb5+ 64. Kc3 g5 65. Qa7+ Kg6 66. a4 Qc6+ 67. Kb3 Qd5+ 68. Kc3 g4 69. a5 Qc6+ 70. Kd3 Qb5+ 71. Ke3 Qb3+ 72. Ke4 Qf3# 0-1

[Event "Early-Titled-Tuesday-Blitz-February-13-2024"]
[Site "Chess.com"]
[Date "2024.02.13"]
[Round "2"]
[White "vi_pranav"]
[Black "isaak2009"]
[Result "1/2-1/2"]
[WhiteElo "3041"]
[BlackElo "2682"]
[TimeControl "180+1"]
[EndTime "8:21:33 PST"]
[Termination "Game drawn - insufficient material"]

1. e4 e5 2. Nf3 Nc6 3. Bb5 a6 4. Ba4 Bc5 5. O-O d6 6. c3 Bg4 7. h3 Bh5 8. d3 Ne7 9. Nbd2 O-O 10. g4 Bg6 11. Kg2 f6 12. Bb3+ Bf7 13.
Re1 d5 14. Qe2 Qd7 15. Nf1 Rad8 16. Ng3 Ng6 17. Be3 d4 18. Bxf7+ Rxf7 19. cxd4 Nxd4 20. Nxd4 Bxd4 21. Rad1 Qb5 22. Nf5 Bxe3 23. fxe3 Rfd7 24. d4 Qxe2+ 25. Rxe2 exd4 26. Rxd4 Rxd4 27. Nxd4 Kf7 28.
Rc2 c6 29. Rc3 Ne5 30. Kg3 Rd7 31. a4 a5 32. Kf2 c5 33. Nf5 b6 34. Ke2 g6 35.
Ng3 Ke6 36. Rb3 Nc4 37. Ke1 Rd6 38. Rb5 Nxe3 39. Kf2 Nc2 40. Rb3 Nb4 41. Ke2 Ke5 42. Nf1 Kxe4 43. Rf3 Ke5 44. Ne3 Rd4 45. b3 Ke6 46.
Nc4 Nd5 47. Kf2 f5 48. gxf5+ gxf5 49. Rg3 f4 50. Rg8 Rd3 51. Re8+ Kf7 52. Rd8 Ke7 53. Rd6 Nb4 54. Rxb6 Rxb3 55. Rh6 Rc3 56. Nxa5 Ra3 57.
Nc4 Rxa4 58. Rxh7+ Ke6 59. Nd2 Ra2 60. Ke2 Nd5 61. Kd3 Ra3+ 62. Kc4 Rc3+ 63. Kb5 Rd3 64. Nc4 f3 65. Rh8 Rd1 66. Re8+ Kf7 67. Re5 Nf6 68. Rf5 Rd3 69. Ne5+ Ke6 70. Rxf3 Rxf3 71. Nxf3 Kf5 72. Kxc5 Kf4 73. Nd4 Kg3 74. Kd6 Kxh3 1/2-1/2

[Event "Early-Titled-Tuesday-Blitz-February-13-2024"]
[Site "Chess.com"]
[Date "2024.02.13"]
[Round "2"]
[White "alexrustemov"]
[Black "volkanyirik"]
[Result "1-0"]
[WhiteElo "2812"]
[BlackElo "2467"]
[TimeControl "180+1"]
[EndTime "8:21:44 PST"]
[Termination "alexrustemov won by resignation"]

1. d4 Nf6 2. c4 c5 3. d5 b5 4.
cxb5 a6 5. e3 axb5 6. Bxb5 g6 7.
Nc3 Bg7 8. a4 O-O 9. e4 d6 10.
Nf3 Ba6 11. Bd2 Nbd7 12. h3 Ne8 13. O-O Nc7 14. Qe2 Qc8 15. Rfb1 Qb7 16. Bxa6 Qxa6 17. Qxa6 Rxa6 18. b3 Rb8 19. Kf1 Rab6 20. Ra3 Rb4 21. a5 c4 22. a6 cxb3 23. a7 Ra8 24. Raxb3 Rxb3 25. Rxb3 Rxa7 26. Be3 Ra8 27. Rb7 Rc8 28. Nd4 Nc5 29. Ra7 Bf6 30. Ke2 Kg7 31. f3 Ne8 32. Ncb5 Rb8 33. g4 h6 34. Kd2 Rb7 35. Rxb7 Nxb7 36. Nc6 e6 37. Kd3 g5 38. Kc4 Kf8 39.
Nbd4 Nc5 40. Kb5 exd5 41. exd5 Nd3 42. Nf5 Nc7+ 43. Kc4 Ne1 44. f4 Ng2 45. fxg5 hxg5 46. Bd2 Ne8 47. Na5 Nh4 48. Nxh4 gxh4 49. Nc6 Kg7 50. Bf4 Kg6 51. Kd3 Nc7 52. Ke4 Nb5 53.
Bd2 Nc7 54. Na7 Be5 55. Nc8 f6 56. Ne7+ Kf7 57. Nf5 Bg3 58. Be3 Nb5 59. Kf3 Be1 60. Bf4 Nc3 61. Nxd6+ Kg8 62. Ne4 Nxd5 63. Be3 Kf7 64.
Bd4 Ba5 65. Nd6+ Kg6 66. Nf5 Bd8 67. Nxh4+ Kf7 68. Nf5 Kg6 69. h4 Nc7 70. Be3 Ne6 71.
h5+ Kh7 72. Ke4 Bc7 73. Kd5 Nf8 74. Kc6 Be5 75. Kd5 Nd7 76. Bd4 Bxd4 77. Kxd4 Ne5 78.
Ne3 Kh6 79. Ke4 Kg5 80. Kd5 Nf7 81. Ke6 Nh6 82. Ke7 Kf4 83. Kxf6 Kxe3 84. g5 Ng4+ 85. Ke6 Kf4 86. h6 Ne5 87. h7 Ng6 88. Kf6 Nh8 89. g6 Nf7 90. Kxf7 1-0

[Event "Early-Titled-Tuesday-Blitz-February-13-2024"]
[Site "Chess.com"]
[Date "2024.02.13"]
[Round "2"]
[White "CarlosjPineror"]
[Black "NM_Antelacus"]
[Result "1-0"]
[WhiteElo "2707"]
[BlackElo "2249"]
[TimeControl "180+1"]
[EndTime "8:21:52 PST"]
[Termination "CarlosjPineror won on time"]

1. e4 c5 2. Nf3 Nc6 3. g3 g6 4. Bg2 Bg7 5. O-O d6 6. h3 e5 7. d3 Nge7 8. Nc3 O-O 9. Bg5 Rb8 10. Nd2 b5 11. a4 b4 12. Ne2 Nd4 13. Nc4 f6 14.
Bd2 Be6 15. c3 Nxe2+ 16. Qxe2 d5 17. exd5 Bxd5 18. Be4 Qd7 19. Kh2 Rfd8 20. Rfd1 f5 21. Bxd5+ Qxd5 22. Bg5 Rd7 23. Ne3 Qc6 24. Bxe7 Rxe7 25.
c4 e4 26. Nd5 Ree8 27. dxe4 Rxe4 28. Qc2 Rbe8 29. Rd2 h6 30. Rad1 Kh7 31. b3 Bd4 32. Qd3 Qd6 33. Qf3 Qe5 34. Kg2 Kg7 35. Nf4 g5 36. Nd5 Kg6 37. Qd3 Re2 38. g4 Rxd2 39. Rxd2 Qe4+ 40. Qxe4 Rxe4 41. gxf5+ Kxf5 42. Kf3 Re1 43. Re2 Rb1 44. Re8 Rxb3+ 45. Kg2 Rb2 46. Rf8+ Kg6 47.
Rf3 b3 48. Ne7+ Kg7 49. Nf5+ Kg6 50. Nxd4 cxd4 51. Rd3 Ra2 52. Rxd4 Rxa4 53. Rd6+ Kf5 54. c5 Rc4 55. Rd3 b2 56. Rb3 Rxc5 57. Rxb2 Ra5 58. Rb7 h5 59. Rf7+ Kg6 60. Rb7 Ra4 61. Rc7 Ra3 62. Rc6+ Kf5 63. Rc5+ Kf6 64. Rc6+ Kf5 65. Rh6 h4 66. Rc6 a5 67. Rc5+ Kf6 68. Rc6+ Kf5 69.
Ra6 Kf4 70. Rf6+ Ke5 71. Rf8 Ke6 72. Ra8 a4 73. Ra5 Kf6 74. Kh2 Kg6 75. Kg2 Kh5 76.
Kh2 Kg6 77. Kg2 Kh5 78. Ra6 Ra1 79. Kh2 a3 80. Kg2 a2 81. Kh2 g4 82. Ra5+ Kg6 83.
hxg4 Kh6 84. Kg2 Kg6 85. f4 Kf6 86. Ra6+ Kf7 87. f5 Ke7 88. g5 h3+ 89. Kh2 Rf1 90. Ra7+ Kd6 91. Ra6+ Ke5 92. Re6+ Kxf5 93. Rf6+ Kxg5 94.
Rxf1 1-0

[Event "Early-Titled-Tuesday-Blitz-February-13-2024"]
[Site "Chess.com"]
[Date "2024.02.13"]
[Round "2"]
[White "ukchessbomber"]
[Black "TigrVShlyape"]
[Result "1/2-1/2"]
[WhiteElo "2607"]
[BlackElo "2863"]
[TimeControl "180+1"]
[EndTime "8:22:16 PST"]
[Termination "Game drawn by repetition"]

1. c4 f5 2. b3 e5 3. Bb2 d6 4. g3 Nf6 5. Bg2 g6 6. e3 Bg7 7. Ne2 O-O 8. O-O c6 9. d3 Re8 10. b4 Be6 11. a4 Nbd7 12. a5 Rc8 13. b5 cxb5 14. cxb5 d5 15. d4 e4 16. Nd2 Bf7 17. Qa4 g5 18. Rfc1 Qe7 19. Ba3 Qe6 20. Nb3 Bh5 21. Bf1 f4 22. Rxc8 Rxc8 23. Rc1 Rxc1 24. Bxc1 Bxe2 25. Bxe2 f3 26. Bf1 b6 27. axb6 axb6 28. Qa8+ Kf7 29. Qc6 Bf8 30. Bd2 h5 31. Na1 Ne8 32. Qb7 Nd6 33. Qc7 Nc4 34. Be1 Qd6 35.
Qc6 Na5 36. Qc8 Ke7 37. Nc2 Qb8 38. Bb4+ Ke6 39. Qxb8 Nxb8 40. Bxf8 Nd7 41. Bb4 Nb3 42. Bc3 g4 43. Nb4 Nc1 44. Nc6 Nf6 45. Bd2 Nb3 46. Nd8+ Kd7 47. Nf7 Nxd2 48. Ne5+ Ke6 49. Ng6 Kd6 50. Ne5 Ke6 51. h4 Ne8 52. Ng6 Nc7 53. Nf4+ Kf5 54. Nxh5 Nc4 55. Ng7+ Kf6 56. Nh5+ Kf5 57.
Nf4 Nd6 58. h5 Nf7 59. Kh2 Nh6 60. Kh1 Kg5 61. Kh2 Nf5 62. Kg1 Ng7 63. Ng6 Nxh5 64. Ne7 Nf6 65. Nc8 Kf5 66. Nxb6 Ke6 67. Na4 Nd7 68.
Nc5+ Kd6 69. Nb7+ Ke7 70. Nc5 Nb6 71. Na6 Kd6 72. Nb4 Na4 73. Nc6 Na8 74. Ne5 N8b6 75. Nxg4 Nc3 76. Nh6 Nc4 77. Nf5+ Ke6 78. Bxc4 dxc4 79.
b6 Ne2+ 80. Kh2 c3 81. b7 c2 82. b8=Q c1=Q 83. Qe5+ Kf7 84. Qg7+ Ke6 85. Qe5+ Kf7 86.
Nd6+ Kg6 87. Qf5+ Kh6 88. Qf6+ Kh7 89. Qf7+ Kh6 90. Qf6+ Kh7 91. Qe7+ Kh6 92. Qe6+ Kh5 93. Qe5+ Kh6 94. Nf5+ Kg6 95. Qe6+ Kg5 96. Qe7+ Kxf5 97. Qf7+ Kg5 98. Qg7+ Kf5 99. Qf7+ Kg5 100. Qg7+ Kf5 101. g4+ Ke6 102. Qe5+ Kd7 103. Qd5+ Kc7 104. Qe5+ Kd7 105. Qd5+ Kc7 106. Qe5+ Kd7 1/2-1/2

[Event "Early-Titled-Tuesday-Blitz-February-13-2024"]
[Site "Chess.com"]
[Date "2024.02.13"]
[Round "2"]
[White "WilsonPalencia21"]
[Black "omer1997"]
[Result "1/2-1/2"]
[WhiteElo "2592"]
[BlackElo "2335"]
[TimeControl "180+1"]
[EndTime "8:22:24 PST"]
[Termination "Game drawn by repetition"]

1. d4 d5 2. c4 c6 3. Nf3 Nf6 4. Nc3 dxc4 5. a4 Bf5 6. Ne5 Nbd7 7. Nxc4 Qc7 8. g3 e5 9. dxe5 Nxe5 10. Bf4 Nfd7 11.
Bg2 Be6 12. Nxe5 Nxe5 13. O-O f6 14. a5 a6 15. Qc2 Rd8 16. Ne4 Be7 17. Nc5 Bxc5 18.
Qxc5 Kf7 19. Qb4 Rd7 20. Be3 Qd6 21. Bc5 Qd2 22. f4 Qxb4 23. Bxb4 Nc4 24. Bc3 Ne3 25.
Rfc1 Nxg2 26. Kxg2 Bd5+ 27. Kf2 Re8 28. Rd1 Re4 29.
Rd4 Rde7 30. Rxe4 Rxe4 31. e3 h5 32. Bd4 Kg6 33. h3 Kf5 34. g4+ hxg4 35. hxg4+ Kg6 36. b4 Re8 37. Re1 Be4 38. Rd1 Rh8 39. Bc5 Bd5 40. Rd4 Rh2+ 41. Kf1 Rh1+ 42. Kf2 Rh2+ 43. Kg3 Re2 44. Rd3 Kf7 45. f5 g6 46. fxg6+ Kxg6 47. Bd4 Kg5 48. Rd1 Rg2+ 49. Kh3 Rc2 50. Kg3 Ra2 51.
Rf1 Rg2+ 52. Kh3 Rxg4 53. Bxf6+ Kh5 54. Rf5+ Kg6 55. Kxg4 Be6 56. Kf4 Bxf5 57. Ke5 Bd3 58. Bh4 Kf7 59. e4 Ke8 60. Bg5 Kd7 61. Kd4 Bb1 62.
Ke5 Bc2 63. Bf6 Bb1 64. Kf5 Kd6 65. Be5+ Ke7 66. Bd4 Kd6 67. Bc5+ Kd7 68. Ke5 Bc2 69. Kd4 Bb1 70. Ke5 Bc2 71. Kf4 Bb1 72. e5 Ba2 73. Kg5 Ke6 74. Kf4 Bb3 75. Ke4 Bc4 76. Bd6 Bb5 77. Kf4 Kd7 78. Kf5 Bc4 79. Kf6 Bb3 80.
Bc5 Ba2 81. Kg7 Bb3 82. Kf8 Ba2 83. Bd6 Bb3 84. Kg7 Ba2 85. Kg6 Bb3 86. Kf5 Ba2 87. Ke4 Bb3 88. Kd4 Ba2 89. Kc5 Bb3 90. Kb6 Kc8 91. Kc5 Ba2 92. Bf8 Kd7 93. Bh6 Bb3 94. Bf4 Ba2 95. Kb6 Kc8 96. Kc5 Kd7 97.
Bg3 Bb3 98. Kd4 Ba2 99. Ke4 Bb3 100. Kf5 Ba2 101. Kf6 Bb3 102. Bf2 Ba2 103. Bb6 Bb3 104. Bc5 Ba2 105. Kf5 Bb3 106. Ke4 Ba2 107. Bd6 Bb3 108. Kd4 Ba2 109. Kc3 Bg8 110. Kd4 Ba2 1/2-1/2

[Event "Early-Titled-Tuesday-Blitz-February-13-2024"]
[Site "Chess.com"]
[Date "2024.02.13"]
[Round "2"]
[White "InadaC"]
[Black "MVM2008"]
[Result "1/2-1/2"]
[WhiteElo "2170"]
[BlackElo "2466"]
[TimeControl "180+1"]
[EndTime "8:22:48 PST"]
[Termination "Game drawn by repetition"]

1. Nf3 Nc6 2. g3 e5 3. b3 e4 4. Ng1 Qf6 5. Nc3 d5 6. Bb2 Be6 7. Bg2 O-O-O 8. Rb1 Ne5 9. e3 Bg4 10. Qc1 h5 11. h3 Bf3 12. Bxf3 Nxf3+ 13. Nxf3 Qxf3 14.
Rg1 Nf6 15. Qd1 Qf5 16. h4 Ng4 17. Qe2 Ne5 18. Rf1 Nf3+ 19. Kd1 d4 20. exd4 Rxd4 21. Bc1 Nxd2 22. Bxd2 Bb4 23. Kc1 Ba3+ 24. Rb2 Bxb2+ 25. Kxb2 Rhd8 26. Be3 R4d6 27. Bxa7 Rd2 28. Qc4 e3 29. Qe4 Qxe4 30. Nxe4 e2 31. Nxd2 exf1=Q 32. Nxf1 b6 33. Bxb6 cxb6 34. Kc3 Rd1 35. Nd2 Kc7 36. Kd3 Kc6 37. Ke2 Ra1 38. a4 Kc5 39. Ne4+ Kd4 40. Nd6 Ra2 41. Kd2 Ra1 42. Nxf7 Rf1 43. Ke2 Rc1 44. Kd2 Ra1 45. Nd6 Kd5 46. Nf5 Ke4 47. Nxg7 Kf3 48.
Nxh5 Kxf2 49. g4 Rh1 50. Nf4 Rxh4 51. Nd3+ Kf3 52. Ne5+ Ke4 53. Nc4 Rh2+ 54. Kc3 Kd5 55. Nxb6+ Kc5 56. Nc4 Rh3+ 57. Kb2 Kb4 58. a5 Rh2 59.
Na3 Rg2 60. a6 Rxg4 61. Nc4 Rg6 62. a7 Ra6 63. c3+ Kc5 64. Ne3 Rxa7 65. b4+ Kb5 66.
Kb3 Rh7 67. Nc2 Rh3 68. Nd4+ Kb6 69. Kc4 Rh4 70. b5 Rh1 71. Kb4 Rb1+ 72. Kc4 Ra1 73. Nb3 Rb1 74. Nd4 Rh1 75. Kb4 Rh4 76. Kc4 Rh5 77. Kb3 Kc5 78. Ne6+ Kxb5 79. Nd4+ Kc5 80.
Nc2 Rh3 81. Nd4 Kd5 82. Nc2 Rh8 83. Nb4+ Ke4 84. Nc2 Rc8 85. Nb4 Rb8 86. Kc4 Ke3 87.
Kb3 Kd2 88. Kc4 Rc8+ 89. Kb5 Rxc3 90. Nd5 Rd3 91. Kc4 Rh3 92. Kd4 Rh8 93. Ke5 Rh5+ 94. Kd4 Rh4+ 95. Ke5 Kd3 96. Nf4+ Ke3 97. Nd5+ Kf3 98.
Nf6 Ra4 99. Nd5 Ra5 100. Kd4 Ra8 101. Nc3 Kf4 102. Nd5+ Kf5 103. Ne3+ Ke6 104. Ke4 Ra4+ 105. Kd3 Rh4 106. Nd1 Ke5 107. Ne3 Rd4+ 108. Ke2 Ke4 109. Nc2 Ra4 110. Ne1 Ra2+ 111. Kd1 Kd4 112. Nc2+ Kc3 113. Ne1 Rd2+ 114. Kc1 Re2 115. Kd1 Rd2+ 116. Kc1 Rd8 117. Nc2 Re8 118. Kd1 Rh8 119. Ne1 Rh2 120. Nf3 Rf2 121. Ne1 Rd2+ 1/2-1/2

[Event "Early-Titled-Tuesday-Blitz-February-13-2024"]
[Site "Chess.com"]
[Date "2024.02.13"]
[Round "2"]
[White "Abund"]
[Black "jeetjain"]
[Result "1/2-1/2"]
[WhiteElo "2759"]
[BlackElo "2522"]
[TimeControl "180+1"]
[EndTime "8:24:31 PST"]
[Termination "Game drawn by repetition"]

1. e4 c6 2. d4 d5 3. exd5 cxd5 4. Bd3 Nf6 5. h3 Nc6 6. c3 g6 7. Nf3 Bg7 8. O-O O-O 9. Re1 Bf5 10. Bf1 Qc7 11. Nbd2 Ne4 12. Nxe4 Bxe4 13. Nd2 Bf5 14.
Nb3 e5 15. dxe5 Nxe5 16. Qxd5 Rad8 17. Qc5 Qb8 18. Bg5 Rc8 19. Qe3 Nc4 20. Bxc4 Rxc4 21. Rad1 b6 22. Bh6 a5 23. Bxg7 Kxg7 24. Nd4 Bd7 25. Nf3 Bf5 26. Nd4 Bd7 27. Qe7 Rc7 28. Qe5+ Kg8 29. Qf6 Re8 30. Rxe8+ Bxe8 31. Re1 b5 32.
Qd6 Rc8 33. Qd5 Qb6 34. Re7 Qf6 35. Re3 a4 36. Nxb5 Bc6 37. Qe5 Qxe5 38. Rxe5 Bxb5 39. Rxb5 a3 40. bxa3 Rxc3 41. Rb1 Rxa3 42. Ra1 h5 43. g3 Kg7 44. h4 Kf6 45. Kf1 Kf5 46. Ke2 Kg4 47.
Kf1 Kf3 48. Kg1 f5 49. Rb1 Rxa2 50. Rb3+ Kg4 51. Kg2 f4 52. Rb4 Kf5 53. Rxf4+ Ke6 54. Rf8 Rb2 55. Rf3 Ra2 56. Rf4 Rb2 57. Kf3 Rb3+ 58.
Ke2 Rb2+ 59. Kd3 Ra2 60. Kc3 Ra3+ 61. Kb4 Ra2 62. Kc5 Rc2+ 63. Kb6 Rb2+ 64. Kc7 Ke7 65.
Re4+ Kf6 66. Rf4+ Kg7 67. Kd6 Rb6+ 68. Ke5 Rb5+ 69. Ke4 Rb4+ 70. Kf3 Rb3+ 71. Kg2 Rb2 72. Rf3 Ra2 73. Rb3 Rc2 74. Ra3 Rb2 75. Ra6 Rc2 76. Rb6 Ra2 77. Rb3 Rc2 78. Rf3 Ra2 79. Rf4 Rb2 80. Kh3 Ra2 81. g4 hxg4+ 82. Kxg4 Rb2 83.
Kg5 Rb5+ 84. Kg4 Ra5 85. Rc4 Kh6 86. Rc8 Rb5 87. f4 Ra5 88. Rb8 Rc5 89. Rb6 Ra5 90. Rf6 Rb5 91. Ra6 Rc5 92. Ra1 Rb5 93. Re1 Ra5 94.
Rb1 Rc5 95. Rb8 Ra5 96. Rh8+ Kg7 97. Re8 Kh6 98. Re5 Ra1 99. Re3 Ra5 100. Re1 Rb5 101. Re5 Rb1 102. Re6 Rb5 103. Rc6 Ra5 104. Rb6 Rc5 105. Rb2 Ra5 106. Rg2 Rb5 107. Kf3 Rh5 108. Rg4 Ra5 109. Kg3 Ra3+ 110. Kf2 Ra2+ 111. Ke3 Ra3+ 112. Ke4 Ra4+ 113. Kf3 Ra3+ 114. Kg2 Ra2+ 115. Kh3 Ra3+ 116. Rg3 Ra5 117. Rg5 Ra3+ 118. Kh2 Ra2+ 119. Rg2 Ra5 120. Kg3 Ra3+ 121. Kg4 Ra5 122. Rh2 Rb5 123. Rh1 Ra5 124. Rf1 Rb5 125. Rf3 Ra5 126. Kh3 Rb5 127. Rg3 Ra5 128. Rg5 Ra3+ 129. Kg4 Ra1 130. Kf3 Ra3+ 131. Kg2 Ra2+ 132. Kh3 Ra3+ 1/2-1/2

[Event "Early-Titled-Tuesday-Blitz-February-13-2024"]
[Site "Chess.com"]
[Date "2024.02.13"]
[Round "3"]
[White "Al_Shima"]
[Black "szachmistrz2500"]
[Result "1-0"]
[WhiteElo "2367"]
[BlackElo "2480"]
[TimeControl "180+1"]
[EndTime "8:25:43 PST"]
[Termination "Al_Shima won by resignation"]

1. e4 c5 2. Nf3 d6 3. d4 cxd4 4.
Nxd4 Nf6 5. Nc3 a6 6. h3 e6 7. g4 Nc6 8. Bg2 h6 9. Be3 Ne5 10. Qe2 Nc4 11. Qxc4 1-0

[Event "Early-Titled-Tuesday-Blitz-February-13-2024"]
[Site "Chess.com"]
[Date "2024.02.13"]
[Round "3"]
[White "pfalcon1949"]
[Black "rikchessmx"]
[Result "0-1"]
[WhiteElo "1910"]
[BlackElo "2310"]
[TimeControl "180+1"]
[EndTime "8:25:49 PST"]
[Termination "rikchessmx won by checkmate"]

1. e4 c5 2. Nf3 e6 3. d4 cxd4 4. Nxd4 a6 5. c4 Qc7 6. Nc3 Nf6 7. a3 Bc5 8. Be3 b6 9. Bd3 h5 10. O-O Ng4 11. b4 Qxh2# 0-1

[Event "Early-Titled-Tuesday-Blitz-February-13-2024"]
[Site "Chess.com"]
[Date "2024.02.13"]
[Round "3"]
[White "elchacal664"]
[Black "Fumitoks"]
[Result "0-1"]
[WhiteElo "2466"]
[BlackElo "2652"]
[TimeControl "180+1"]
[EndTime "8:26:12 PST"]
[Termination "Fumitoks won by checkmate"]

1. e4 c5 2. Nf3 d6 3. d4 cxd4 4. Nxd4 Nf6 5. Nc3 a6 6. Bc4 e6 7. Bb3 Nc6 8. O-O Be7 9. Nxc6 bxc6 10. e5 Nd5 11. exd6 Bxd6 12. Ne4 Bxh2+ 13. Kxh2 Qh4+ 14.
Kg1 Qxe4 15. c4 Nf4 16. Re1 Qxg2# 0-1

[Event "Early-Titled-Tuesday-Blitz-February-13-2024"]
[Site "Chess.com"]
[Date "2024.02.13"]
[Round "3"]
[White "nekotyanof"]
[Black "Machteldvf"]
[Result "1-0"]
[WhiteElo "2642"]
[BlackElo "2446"]
[TimeControl "180+1"]
[EndTime "8:26:27 PST"]
[Termination "nekotyanof won by resignation"]

1. e4 c5 2. Nf3 d6 3. Bb5+ Nd7 4. O-O Nf6 5. Re1 a6 6. Bf1 e5 7. c3 Be7 8. d4 O-O 9. Nbd2 b6 10. Nc4 b5 11. Ne3 Nxe4 12. dxe5 Nxe5 13. Qd5 1-0

[Event "Early-Titled-Tuesday-Blitz-February-13-2024"]
[Site "Chess.com"]
[Date "2024.02.13"]
[Round "3"]
[White "MarcoRiehle"]
[Black "wqws"]
[Result "1-0"]
[WhiteElo "2863"]
[BlackElo "2634"]
[TimeControl "180+1"]
[EndTime "8:27:06 PST"]
[Termination "MarcoRiehle won by checkmate"]

1. e4 c5 2. a3 Nc6 3. b4 cxb4 4. axb4 Nxb4 5. c3 Nc6 6. d4 d5 7. exd5 Qxd5 8. Na3 Nf6 9. Nb5 Qd8 10. d5 Ne5 11. Bf4 Nfd7 12. Nf3 f6 13. Nfd4 Nb6 14. Bxe5 fxe5 15.
Qh5+ g6 16. Qxe5 Rg8 17. Nc7+ Kf7 18. Nde6 Qd6 19. Ng5# 1-0

[Event "Early-Titled-Tuesday-Blitz-February-13-2024"]
[Site "Chess.com"]
[Date "2024.02.13"]
[Round "3"]
[White "Freeeeeeeeeeeeeeeeee"]
[Black "Aleksandar-Topalov"]
[Result "1-0"]
[WhiteElo "2138"]
[BlackElo "2336"]
[TimeControl "180+1"]
[EndTime "8:27:27 PST"]
[Termination "Freeeeeeeeeeeeeeeeee won by resignation"]

1. e4 e6 2. Ne2 d5 3. exd5 exd5 4.
Nbc3 d4 5. Ne4 d3 6. cxd3 Nc6 7. d4 Bf5 8. N4g3 Bg6 9. Qa4 Nf6 10. f4 Qxd4 11.
Nxd4 1-0

[Event "Early-Titled-Tuesday-Blitz-February-13-2024"]
[Site "Chess.com"]
[Date "2024.02.13"]
[Round "3"]
[White "Mops_2004"]
[Black "KamlaPasand"]
[Result "1-0"]
[WhiteElo "2853"]
[BlackElo "2583"]
[TimeControl "180+1"]
[EndTime "8:27:36 PST"]
[Termination "Mops_2004 won by resignation"]

1. g3 g6 2. Bg2 Bg7 3. d4 d5 4.
Nf3 Nf6 5. O-O O-O 6. c4 dxc4 7.
Na3 Be6 8. Ng5 Bd5 9. e4 Bc6 10. d5 Bd7 11. e5 Ne8 12. e6 fxe6 13. dxe6 c3 14. bxc3 Bxc3 15. Rb1 Nd6 16. exd7 Qxd7 17. Qb3+ 1-0

[Event "Early-Titled-Tuesday-Blitz-February-13-2024"]
[Site "Chess.com"]
[Date "2024.02.13"]
[Round "3"]
[White "nj123456"]
[Black "santosalberto1987"]
[Result "0-1"]
[WhiteElo "2284"]
[BlackElo "2573"]
[TimeControl "180+1"]
[EndTime "8:28:03 PST"]
[Termination "santosalberto1987 won by resignation"]

1. e4 e6 2. d4 d5 3. Nd2 c5 4. exd5 Qxd5 5. Ngf3 cxd4 6. Bc4 Qd6 7. O-O Nf6 8. Nb3 Nc6 9. Nbxd4 Nxd4 10. Nxd4 a6 11. Re1 Qc7 12. Bb3 Bd7 13. c3 Bd6 14. Nf5 Bxh2+ 15.
Kh1 O-O-O 16. Ne7+ Kb8 17. Qf3 Bd6 18. Bg5 Bxe7 19.
Rad1 Bc6 20. Qe3 Rxd1 21. Rxd1 Rd8 22. Re1 Ng4 0-1

[Event "Early-Titled-Tuesday-Blitz-February-13-2024"]
[Site "Chess.com"]
[Date "2024.02.13"]
[Round "3"]
[White "Alen_Yeremyann"]
[Black "Azerichess"]
[Result "1-0"]
[WhiteElo "2807"]
[BlackElo "3058"]
[TimeControl "180+1"]
[EndTime "8:28:06 PST"]
[Termination "Alen_Yeremyann won by resignation"]

1. e4 d5 2. exd5 Qxd5 3. Nc3 Qa5 4. Bc4 Nf6 5. Nge2 Bf5 6. O-O Nc6 7. d3 Ne5 8. b4 Qxb4 9. Rb1 Qd6 10. Bf4 Nxc4 11.
Bxd6 Nxd6 12. Nb5 Nxb5 13. Rxb5 e6 14. Rxb7 Bd6 15. Nd4 Bg4 16. Qd2 O-O 17. Nb5 a6 18.
Nxd6 cxd6 19. Qb4 d5 20. Rb1 h6 21. Qf4 Rac8 22. Rb8 Rxc2 23. Rxf8+ Kxf8 24. Rb8+ Ke7 25. Qb4+ Kd7 26. Qa4+ 1-0

[Event "Early-Titled-Tuesday-Blitz-February-13-2024"]
[Site "Chess.com"]
[Date "2024.02.13"]
[Round "3"]
[White "bipe137"]
[Black "inagreV"]
[Result "0-1"]
[WhiteElo "2578"]
[BlackElo "2350"]
[TimeControl "180+1"]
[EndTime "8:28:19 PST"]
[Termination "inagreV won by checkmate"]

1. d4 Nf6 2. c4 g6 3. Nc3 Bg7 4. e4 d6 5. Nf3 O-O 6. Be2 e5 7. O-O Bg4 8. d5 a5 9. Ne1 Bd7 10. Nd3 Na6 11. Be3 b6 12. f3 Nh5 13. g4 Nf4 14. Nxf4 exf4 15. Bxf4 f5 16. gxf5 gxf5 17.
Be3 Qh4 18. Kh1 Rae8 19. Bd4 fxe4 20. Rg1 Rf7 21. Bxg7 Rxg7 22. Qd4 Re5 23. Nxe4 Qxh2+ 24. Kxh2 Rh5# 0-1

[Event "Early-Titled-Tuesday-Blitz-February-13-2024"]
[Site "Chess.com"]
[Date "2024.02.13"]
[Round "3"]
[White "PositionalPanther"]
[Black "GMG"]
[Result "0-1"]
[WhiteElo "2416"]
[BlackElo "2698"]
[TimeControl "180+1"]
[EndTime "8:28:35 PST"]
[Termination "GMG won by checkmate"]

1. Nf3 f5 2. c4 Nf6 3. Nc3 d6 4. d4 g6 5. g3 Bg7 6. Bg2 O-O 7. O-O c6 8. Nd2 e5 9. dxe5 dxe5 10. e4 f4 11. Nb3 g5 12. Qxd8 Rxd8 13. h4 h6 14. hxg5 hxg5 15. gxf4 exf4 16. Rd1 Rxd1+ 17. Nxd1 Nbd7 18.
f3 Ne5 19. Nd2 Be6 20. b3 Nd3 21. Bb2 Nxb2 22. Nxb2 Nd7 23. Rb1 Bc3 24. Nf1 Bd4+ 25. Kh1 Kf7 26. Nd3 Rh8+ 27. Nh2 Nf6 28. Rd1 Nh5 29. Bf1 Ng3+ 30. Kg2 Bh3# 0-1

[Event "Early-Titled-Tuesday-Blitz-February-13-2024"]
[Site "Chess.com"]
[Date "2024.02.13"]
[Round "3"]
[White "Thormento16"]
[Black "SnekkerAndersen"]
[Result "0-1"]
[WhiteElo "2454"]
[BlackElo "2643"]
[TimeControl "180+1"]
[EndTime "8:28:38 PST"]
[Termination "SnekkerAndersen won by resignation"]

1. e4 e6 2. d4 d5 3. exd5 exd5 4. Bd3 Nf6 5. Nf3 c5 6. O-O c4 7. Re1+ Be7 8. Bf1 O-O 9. b3 cxb3 10. axb3 Bg4 11. h3 Bh5 12. Bg5 Nc6 13. c3 Re8 14.
Nbd2 Ne4 15. Be2 Bxf3 16. Bxe7 Bxe2 17. Qxe2 Rxe7 18. Nxe4 Rxe4 19. Qb5 Rxe1+ 20. Rxe1 Qd7 21. c4 dxc4 22. bxc4 a6 23. Qc5 Qxd4 24. Qb6 0-1

[Event "Early-Titled-Tuesday-Blitz-February-13-2024"]
[Site "Chess.com"]
[Date "2024.02.13"]
[Round "3"]
[White "Barmen_EV"]
[Black "manitodeplomo"]
[Result "1-0"]
[WhiteElo "2502"]
[BlackElo "2666"]
[TimeControl "180+1"]
[EndTime "8:28:44 PST"]
[Termination "Barmen_EV won by resignation"]

1. e4 c5 2. c3 e6 3. d4 d5 4. Nd2 cxd4 5. cxd4 Nc6 6. Ngf3 dxe4 7. Nxe4 Bb4+ 8.
Nc3 Nf6 9. Bd3 O-O 10. O-O Be7 11. Re1 b6 12. Bb1 Bb7 13. a3 Qd6 14. Qd3 Rad8 15. Ne4 Nxe4 16. Qxe4 g6 17. Bh6 Rfe8 18. Ba2 Bf6 19.
Rad1 Ba8 20. d5 Ne7 21. dxe6 Qxd1 22. exf7+ Kh8 23.
fxe8=Q+ Rxe8 24. Qe6 1-0

[Event "Early-Titled-Tuesday-Blitz-February-13-2024"]
[Site "Chess.com"]
[Date "2024.02.13"]
[Round "3"]
[White "NM_Antelacus"]
[Black "Payyappat"]
[Result "0-1"]
[WhiteElo "2247"]
[BlackElo "2556"]
[TimeControl "180+1"]
[EndTime "8:28:54 PST"]
[Termination "Payyappat won by checkmate"]

1. e4 c6 2. d4 d5 3. e5 Bf5 4. Nf3 e6 5. Be2 Ne7 6. O-O Ng6 7. Be3 Nd7 8. c3 f6 9. exf6 Nxf6 10. Nbd2 Bd6 11.
Re1 O-O 12. Nf1 Qc7 13. Ng3 Ng4 14. Bd2 Be4 15. Rf1 Rf6 16. Ng5 Nxh2 17. N5xe4 dxe4 18.
Kxh2 Rxf2 19. Rxf2 Bxg3+ 20. Kg1 Bxf2+ 21. Kxf2 Qh2 22. Bg4 Rf8+ 23. Ke3 Qf4+ 24. Ke2 Qf2# 0-1